 Dungeon Crawl Stone Soup version 0.27-a0-681-g0c81a3c1c3 (webtiles) character file.

Game seed: 15354859804055780007

58 Ge0ff the Skirmisher (level 4, 0/28 HPs)
             Began as a Tengu Artificer on Mar 19, 2021.
             Succumbed to an adder's poison
             ... on level 2 of the Dungeon.
             The game lasted 00:02:58 (1855 turns).

Ge0ff the Skirmisher (Tengu Artificer)              Turns: 1855, Time: 00:02:58

Health: 0/28       AC:  3    Str: 14    XL:     4   Next: 1%
Magic:  5/5        EV: 12    Int: 11    God:
Gold:   42         SH:  0    Dex: 14    Spells: 3/3 levels left

rFire    . . .     SeeInvis .   a - +0 club
rCold    . . .     Faith    .   (no shield)
rNeg     . . .     Spirit   .   b - +0 leather armour
rPois    .         Reflect  .   (helmet restricted)
rElec    .         Harm     .   (no cloak)
rCorr    .         Rampage  .   (no gloves)
Will     .....                  (boots unavailable)
Stlth    +.........             (no amulet)
HPRegen  0.09/turn              (no ring)
MPRegen  0.09/turn              (no ring)

@: lethally poisoned (0 -> -5), flying, very slightly contaminated, invisible
A: beak, talons 3
a: no special abilities


You were on level 2 of the Dungeon.
You visited 1 branch of the dungeon, and saw 2 of its levels.

You collected 42 gold pieces.

Inventory:

Hand Weapons
 a - a +0 club (weapon)
Missiles
 h - 4 boomerangs (quivered)
Armour
 b - a +0 leather armour (worn)
 i - a +0 ring mail
Wands
 d - a wand of random effects (15)
 e - a wand of charming (12)
 f - a wand of flame (10)
Scrolls
 j - a scroll of identify {unknown}
 k - a scroll of immolation {unknown}
Potions
 X - 3 potions of flight


   Skills:
 + Level 3.3 Fighting
 - Level 2.1 Armour
 - Level 2.0 Dodging
 - Level 1.0 Stealth
 - Level 3.0 Evocations


You had 3 spell levels left.
You didn't know any spells.
Your spell library contained the following spells:

 Spells                   Type           Power      Damage    Failure   Level
 Magic Dart               Conj           0%         1d3       41%         1
 Blink                    Tloc           N/A        N/A       54%         2
 Call Imp                 Summ           0%         N/A       54%         2
 Slow                     Hex            0%         N/A       54%         2
 Conjure Flame            Conj/Fire      0%         6-21      78%         3
 Mephitic Cloud           Conj/Pois/Air  0%         N/A       78%         3


Dungeon Overview and Level Annotations

Branches:
Dungeon (2/15)

Altars:


Innate Abilities, Weirdness & Mutations

You have a beak for a mouth.
You have claws for feet.


Message History

You feel sick.
It was a potion of invisibility.
You fade into invisibility!
You are very lightly contaminated with residual magic.
You feel sick.
You fly downwards.
You feel sick. The adder closely misses you. The adder bites you.
* * * LOW HITPOINT WARNING * * *
There is a stone staircase leading up here.
You catch the helpless adder completely off-guard!
You hit the adder. Your kick misses the adder.
The adder is moderately wounded.
* * * LOW HITPOINT WARNING * * *
You feel sick. The adder bites you but does no damage.
The adder completely misses you.
Aiming: Throw Flame
Press: ? - help, Shift-Dir - straight line, f - adder
Aim: an adder (moderately wounded, 47% to evade)
The puff of flame misses the adder.
The adder closely misses you.
Aiming: Throw Flame
Press: ? - help, Shift-Dir - straight line, f/p - adder
Aim: an adder (moderately wounded, 47% to evade)
The puff of flame hits the adder.
The adder is almost dead.
* * * LOW HITPOINT WARNING * * *
You feel sick. The adder bites you.
* * * LOW HITPOINT WARNING * * *
Aiming: Throw Flame
Press: ? - help, Shift-Dir - straight line, f/p - adder
Aim: an adder (severely wounded, 47% to evade)
The puff of flame hits the adder!
You kill the adder!
You have reached level 4!
You feel stronger.
* * * LOW HITPOINT WARNING * * *
You feel sick.
Found a stone staircase leading down.
There is an open door here.
Found a dagger.
You die...

.............# #.
.............#
..##+###........#
.......#........###
.......#.#........#
......)+.#........#
....)..#.#........#
.........'.<......#
...#.@.#........#
#...#........#
#...##########
##... #.... ..>...
....... .........


There were no monsters in sight!

Vanquished Creatures
  2 adders
  A dart slug (D:1)
  2 leopard geckos
  4 bats
  2 giant cockroaches (D:1)
  7 goblins (D:1)
  3 hobgoblins (D:1)
  2 jackals (D:1)
  4 frilled lizards (D:1)
  A kobold (D:2)
  8 rats (D:1)
36 creatures vanquished.

Vanquished Creatures (collateral kills)
  A dart slug (D:1)
  A rat (D:1)
2 creatures vanquished.

Vanquished Creatures (others)
  A jackal (D:1)
1 creature vanquished.

Grand Total: 39 creatures vanquished

Notes
Turn   | Place    | Note
-------+----------+-------------------------------------------
     0 | D:1      | Ge0ff the Tengu Artificer began the quest for the Orb.
     0 | D:1      | Reached XP level 1. HP: 12/12 MP: 2/2
   178 | D:1      | Reached XP level 2. HP: 17/17 MP: 3/3
   710 | D:1      | Reached XP level 3. HP: 15/22 MP: 4/4
  1850 | D:2      | HP: 1/23 [adder (2)]
  1852 | D:2      | Reached XP level 4. HP: 2/28 MP: 5/5
  1855 | D:2      | Succumbed to an adder's poison

Illustrated notes

Levels and vault maps discovered:
D:1:      nzn_arrival_crosshair, layout_basic, hex_intersection, minivault_24
D:2:      layout_basic

Skill      XL: |  1  2  3 |
---------------+----------+-----
Fighting       | 2 3 |  3.3
Dodging        | 2 |  2.0
Armour         | |  2.1
Stealth        | |  1.0
Evocations     | |  3.0

Action                   |  1- 3 |  4- 6 || total
-------------------------+-------+-------++-------
Melee: Club              |    38 |       ||    38
       Peck              |     8 |       ||     8
       Kick              |     9 |       ||     9
Throw: Boomerang         |    56 |       ||    56
Evoke: Wand              |     8 |       ||     8
  Use: Potion            |     2 |       ||     2
 Stab: Sleeping          |     1 |       ||     1
       Invisible         |     1 |       ||     1
Armor: Leather armour    |    23 |       ||    23
Dodge: Dodged            |    38 |       ||    38

Table legend: (Time is in decaauts)
 A = Elapsed time spent in this place.
 B = Non-inter-level travel time spent in this place.
 C = Inter-level travel time spent in this place.
 D = Time resting spent in this place.
 E = Time spent auto-exploring this place.
 F = Levels seen in this place.
 G = Mean time per level.
                   A        B        C        D        E       F      G
               +--------+--------+--------+--------+--------+-----+--------+
         Total |   1885 |   1810 |     75 |      0 |   1470 |   2 |  942.5 |
       Dungeon |   1885 |   1810 |     75 |      0 |   1470 |   2 |  942.5 |
               +--------+--------+--------+--------+--------+-----+--------+

Top non-repeatable levels by time:
     D:1: 1764 daAuts
     D:2: 121 daAuts
